 Dungeon Crawl Stone Soup version 0.32-a0-886-g41c5271027 (webtiles) character file.

Game seed: 2591886669693770153

963 DEFE the Cleaver (level 8, -8/58 HPs)
             Began as a Coglin Fighter on Apr 2, 2024.
             Splashed by a jelly's acid (9 damage)
             ... on level 6 of the Dungeon.
             The game lasted 00:03:11 (4362 turns).

DEFE the Cleaver (Coglin Fighter)                   Turns: 4362, Time: 00:03:11

Health: -8/58      AC: -1    Str: 18    XL:     8   Next: 15%
Magic:  8/8        EV:  6    Int:  7    God:
Gold:   57         SH:  0    Dex: 15    Spells: 7/7 levels left

rFire   . . .        a - +0 war axe {Josefina}
rCold   . . .        r - +0 war axe {Alejandra}
rNeg    . . .        m - +0 chain mail
rPois   .            k - +0 helmet
rElec   .            (no cloak)
rCorr   .            (no gloves)
SInv    .            (no boots)
Will    .....        (amulet unavailable) Stlth
                     (ring unavailable)
HPRegen 0.29/turn    (ring unavailable)
MPRegen 0.11/turn    (no gizmo)

%: no passive effects
@: corroded, slowed, revved, very slow
A: off-hand wielding, slow wielding, warmup strikes, no jewellery
a: Invent Gizmo


You were on level 6 of the Dungeon.
You visited 2 branches of the dungeon, and saw 7 of its levels.

You collected 141 gold pieces.
You spent 84 gold pieces at shops.

Inventory:

Hand Weapons
 a - a +0 war axe (weapon) {Josefina}
 r - a +0 war axe (offhand) {Alejandra}
Armour
 b - a +0 scale mail
 c - a +0 buckler
 k - a +0 helmet (worn)
 m - a +0 chain mail (worn)
Wands
 d - a wand of digging (5)
 p - a wand of roots (12)
 q - a wand of charming (12)
Scrolls
 e - a scroll of immolation
 g - a scroll of revelation
 h - 6 scrolls of teleportation
 i - a scroll of fog {unknown}
 j - 2 scrolls of noise
 l - a scroll of blinking
 n - a scroll of butterflies
 u - a scroll of torment {unknown}
 w - a scroll of fear
Potions
 f - 3 potions of curing
 o - a potion of heal wounds {unknown}
 s - 2 potions of attraction {unknown}
 t - 3 potions of ambrosia {unknown}
 v - a potion of haste {unknown}


   Skills:
 - Level 3.0 Fighting
 + Level 9.4 Axes
 - Level 2.6 Armour
 - Level 2.1 Shields


You had 7 spell levels left.
You didn't know any spells.
Your spell library contained the following spells:

 Spells                   Type           Power      Damage    Failure   Level
 Teleport Other           Tloc           0%         N/A       100%        3
 Dispersal                Tloc           0%         N/A       100%        6
 Gell's Gavotte           Tloc           0%         2d(11-16) 100%        6


Dungeon Overview and Level Annotations

Branches:
Dungeon (6/15)             Temple (1/1) D:5

Altars:
Ashenzari
Cheibriados
Dithmenos
Elyvilon
Fedhas
Gozag
Hepliaklqana
Makhleb
Ru
Sif Muna
Trog
Uskayaw
Yredelemnul
The Shining One

Shops:
D:4 [   D:6 *


Innate Abilities, Weirdness & Mutations

You can wield a second weapon in your off-hand.
It takes a long time for you to wield or remove held weapons.
Your first few attacks do less damage.
You cannot equip rings or amulets.


Message History

* * * LOW HITPOINT WARNING * * *
You are too injured to fight recklessly!
Unknown command.
Unknown command.
It was a potion of curing.
You feel better. The jelly hits you but does no damage.
The kobold brigand throws a curare-tipped dart.
The curare-tipped dart hits you.
You are poisoned.
You have difficulty breathing.
You feel as though you will be slow longer.
You barely miss the jelly with your +0 war axe.
The jelly is severely wounded.
You hit the jelly but do no damage.
Your graspers burn!
* * * LOW HITPOINT WARNING * * *
x2 You feel very sick.
The jelly hits you.
* * * LOW HITPOINT WARNING * * *
The acid corrodes you!
You are splashed with acid!
* * * LOW HITPOINT WARNING * * *
The kobold brigand closely misses you. The jelly hits you but does no damage.
Unknown command.
Unknown command.
You feel better.
The kobold brigand hits you with a +0 short sword of speed!
* * * LOW HITPOINT WARNING * * *
The jelly barely misses you.
The kobold brigand hits you with a +0 short sword of speed.
* * * LOW HITPOINT WARNING * * *
Unknown command.
You barely miss the jelly with your +0 war axe.
The jelly is severely wounded.
You closely miss the kobold brigand with your +0 war axe.
You hit the jelly but do no damage. The acid corrodes you!
Your graspers burn!
* * * LOW HITPOINT WARNING * * *
You closely miss the kobold brigand with your +0 war axe.
The jelly hits you.
* * * LOW HITPOINT WARNING * * *
You are splashed with acid!
You die...

##################
..................
..................
..................
.........####+##.
##########.....##...###
#......∩##.....##...##
#.......##.....##....#
+.....@..#...........#
#..#'JK#.'....##'##..#
#. #...###...##...####
# #...$. #...#.~.~.#
#...>.. #...#≈~.~~#
#.......#...#≈≈_~≈#
#..>.>..#...#≈#∩#≈#
##.....##...####### #.
###....##


You could see a kobold brigand and a jelly.

Vanquished Creatures
  Eustachio (D:5)
  Edmund (D:5)
  A centaur (D:5)
  An ogre (D:4)
  2 scorpions
  A crimson imp (D:6)
  A bombardier beetle (D:5)
  A hound (D:5)
  An orc priest (D:5)
  Ijyb (D:3)
  3 orc wizards (D:5)
  An iguana (D:5)
  Robin (D:2)
  6 adders
  A shadow imp (D:6)
  2 ufetubi (D:5)
  A ribbon worm (D:2)
  2 dart slugs (D:1)
  5 orcs
  5 ball pythons
  6 bats
  5 endoplasms
  3 giant cockroaches
  11 hobgoblins
  5 jackals
  4 quokkas
  A frilled lizard (D:3)
  11 goblins
  5 kobolds
  8 rats
97 creatures vanquished.

Notes
Turn   | Place    | Note
-------+----------+-------------------------------------------
     0 | D:1      | DEFE the Coglin Fighter began the quest for the Orb.
     0 | D:1      | Reached XP level 1. HP: 18/18 MP: 1/1
    27 | D:1      | Reached XP level 2. HP: 22/24 MP: 2/2
    97 | D:1      | Reached skill level 3 in Axes
   317 | D:1      | Reached XP level 3. HP: 29/29 MP: 3/3
   394 | D:1      | Found a faded altar of an unknown god.
   837 | D:2      | Noticed Robin
   846 | D:2      | Killed Robin
   847 | D:2      | Reached skill level 4 in Axes
   849 | D:2      | Reached XP level 4. HP: 26/35 MP: 4/4
  1718 | D:3      | Noticed Ijyb
  1736 | D:3      | Killed Ijyb
  1737 | D:3      | Reached skill level 5 in Axes
  1737 | D:3      | Reached XP level 5. HP: 16/41 MP: 5/5
  1857 | D:3      | Found a shadowy altar of Dithmenos.
  2059 | D:3      | Identified the +0 robe "Icay" {-Cast Str+2 Dex+7 Stlth+}
  2302 | D:4      | Noticed an ogre
  2307 | D:4      | Killed an ogre
  2310 | D:4      | Found Longatye's Antique Armour Shoppe.
  2400 | D:4      | Found a snail-covered altar of Cheibriados.
  2578 | D:4      | Reached skill level 6 in Axes
  2578 | D:4      | Reached XP level 6. HP: 47/47 MP: 6/6
  3110 | D:5      | Entered Level 5 of the Dungeon
  3118 | D:5      | Reached skill level 7 in Axes
  3121 | D:5      | Reached XP level 7. HP: 42/52 MP: 7/7
  3381 | D:5      | Noticed Edmund
  3391 | D:5      | Noticed Eustachio
  3392 | D:5      | Killed Edmund
  3393 | D:5      | Reached skill level 8 in Axes
  3394 | D:5      | Killed Eustachio
  3476 | D:5      | Reached skill level 9 in Axes
  3476 | D:5      | Reached XP level 8. HP: 58/58 MP: 8/8
  3629 | D:5      | Found a hide-covered altar of Uskayaw.
  3758 | D:5      | Found a bloodstained altar of Trog.
  3853 | D:5      | Found a staircase to the Ecumenical Temple.
  4030 | Temple   | Entered the Ecumenical Temple
  4297 | D:6      | Found a burning altar of Makhleb.
  4348 | D:6      | Found Obbav's General Store.
  4353 | D:6      | Bought a scroll of fear for 56 gold pieces
  4353 | D:6      | Bought a scroll of identify for 28 gold pieces
  4362 | D:6      | HP: 1/58 [acid (2)]
  4362 | D:6      | Splashed by a jelly's acid

Illustrated notes

Levels and vault maps discovered:
D:1:      shiori_arrival_oz, layout_rooms, shapermc_ecumenical_altar_flowoftime
D:2:      layout_basic, uniq_robin
D:3:      layout_loops_cross, grunt_dithmenos_smoke, patterned_corridor,
          uniq_ijyb
D:4:      layout_layer_cave, nicolae_overflow_hidden_temple, serial_shops, shop,
          minmay_unequal
D:5:      layout_basic, mainiacjoe_overflow_large_starburst,
          minmay_temple_entry_junction, serial_bayou_lagoon_a, uniq_eustachio,
          uniq_edmund
D:6:      layout_gridville, makhleb_grotto_becter, enter_ossuary_2,
          serial_shops, shop, dreamdust_princess_bridge,
          kennysheep_windowed_goal
Temple:   dpeg_three_leaves_temple

Skill      XL: |  1  2  3  4  5  6  7 |
---------------+----------------------+-----
Axes           | 3 4 5 6 7 9 |  9.4
Fighting       | |  3.0
Armour         | |  2.6
Shields        | |  2.1

Action                     |  1- 3 |  4- 6 |  7- 9 || total
---------------------------+-------+-------+-------++-------
  Melee: War axe           |    90 |   113 |    89 ||   292
    Use: Scroll            |       |     5 |     1 ||     6
         Potion            |       |       |     3 ||     3
 Armour: Scale mail        |    79 |     5 |       ||    84
         Chain mail        |       |    85 |    53 ||   138
  Dodge: Dodged            |    39 |    32 |    25 ||    96
  Block: Buckler           |    27 |    15 |       ||    42

Table legend: (Time is in decaauts)
 A = Elapsed time spent in this place.
 B = Non-inter-level travel time spent in this place.
 C = Inter-level travel time spent in this place.
 D = Time resting spent in this place.
 E = Time spent auto-exploring this place.
 F = Levels seen in this place.
 G = Mean time per level.
                   A        B        C        D        E       F      G
               +--------+--------+--------+--------+--------+-----+--------+
         Total |   4457 |   4157 |    300 |    423 |   3054 |   7 |  636.7 |
       Dungeon |   4436 |   4136 |    300 |    423 |   3054 |   6 |  739.3 |
        Temple |     20 |     20 |      0 |      0 |      0 |   1 |   20.0 |
               +--------+--------+--------+--------+--------+-----+--------+

Top non-repeatable levels by time:
     D:5: 1169 daAuts
     D:2: 926 daAuts
     D:3: 830 daAuts
     D:4: 815 daAuts
     D:1: 597 daAuts
     D:6: 96 daAuts
  Temple: 20 daAuts
